 Dungeon Crawl Stone Soup version 0.29.1-1-gd02db6906a (webtiles) character file.

Game seed: 2326298645238561835

158 H0rd4k the Insei (level 5, -4/33 HPs)
             Began as an Octopode Transmuter on Oct 20, 2022.
             Slain by a gnoll
             ... wielding a +0 spear
              (7 damage)
             ... on level 3 of the Dungeon.
             The game lasted 00:02:31 (3863 turns).

H0rd4k the Insei (Octopode Transmuter)              Turns: 3863, Time: 00:02:32

Health: -4/33      AC:  1    Str:  9    XL:     5   Next: 40%
Magic:  8/9        EV: 13    Int: 18    God:
Gold:   137        SH:  0    Dex: 12    Spells: 5/9 levels left

rFire   . . .      SeeInvis .     - Unarmed
rCold   . . .      Faith    .   (no shield)
rNeg    . . .      Spirit   .   (helmet currently unavailable)
rPois   .          Reflect  .   (no amulet)
rElec   .          Harm     .   (no ring)
rCorr   .          Rampage  .   (no ring)
Will    .....                   (no ring)
Stlth   ++........              (no ring)
HPRegen 0.11/turn               (no ring)
MPRegen 0.11/turn               (no ring)
                                (no ring)
                                (no ring)

@: appendages
A: tentacle spike 3, almost no armour, amphibious, 8 rings, camouflage 1,
gelatinous body 1, (nimble swimmer 1), tentacles
a: End Transformation


You were on level 3 of the Dungeon.
One of your tentacles had grown a beastly spike.
You visited 1 branch of the dungeon, and saw 3 of its levels.

You collected 137 gold pieces.

Inventory:

Missiles
 k - 4 atropa-tipped darts
Wands
 n - a wand of polymorph (9)
Scrolls
 b - a scroll of acquirement {unknown}
 c - a scroll of blinking {unknown}
 e - 4 scrolls of identify {unknown}
 h - a scroll of summoning {unknown}
 i - a scroll of fear {unknown}
 j - a scroll of brand weapon {unknown}
 m - a scroll of enchant armour {unknown}
 r - a scroll of silence {unknown}
 s - a scroll of fog {unknown}
Potions
 a - 2 potions of lignification
 d - 2 potions of brilliance {unknown}
 f - a potion of magic {unknown}
 g - 4 potions of curing {unknown}
 l - a potion of berserk rage {unknown}
 o - a potion of attraction {unknown}
 p - a potion of cancellation {unknown}
 q - a potion of invisibility {unknown}


   Skills:
 + Level 1.1 Fighting
 + Level 2.8 Dodging
 + Level 4.7 Unarmed Combat
 * Level 2.7 Spellcasting
 * Level 2.6 Transmutations


You had 5 spell levels left.
You knew the following spells:

 Your Spells              Type           Power      Damage    Failure   Level
a - Beastly Appendage     Tmut           22%        N/A       6%          1
b - Spider Form           Tmut/Pois      7%         N/A       30%         3

Your spell library contained the following spells:

 Spells                   Type           Power      Damage    Failure   Level
 Wereblood                Tmut           11%        N/A       9%          2
 Summon Guardian Golem    Hex/Summ       2%         N/A       45%         3
 Ice Form                 Ice/Tmut       7%         N/A       69%         4
 Orb of Destruction       Conj           1%         9d5       100%        7
 Spellforged Servitor     Conj/Summ      1%         N/A       100%        7


Dungeon Overview and Level Annotations

Branches:
Dungeon (3/15)

Altars:
Ru
Sif Muna
Vehumet

Shops:
D:1 (   D:2 *

Annotations:
D:2 exclusion: downstairs


Innate Abilities, Weirdness & Mutations

One of your tentacles has grown a beastly spike.
You cannot wear most types of armour.
You are amphibious.
You can wear up to eight rings at the same time.
Your skin changes colour to match your surroundings (Stealth+).
Your rubbery body absorbs attacks. (AC +1, EV +1)
((You are camouflaged when in or above water. (Stealth+)))
You have tentacles for arms and can constrict up to eight enemies at once.


Message History

The bat closely misses you.
You tentacle-slap the bat.
The bat is severely wounded.
You constrict the bat.
You kill the bat!
You tentacle-slap the orc but do no damage.
Your grab misses the orc. You squeeze the orc.
The orc is heavily wounded.
The orc misses you.
You barely miss the orc. You grab the orc.
The orc is heavily wounded.
You constrict the orc. The orc hits you but does no damage.
You tentacle-slap the orc but do no damage.
The orc is almost dead.
You constrict the orc, but do no damage.
The orc closely misses you.
You tentacle-slap the orc.
You kill the orc!
Items here: ) [ ††.
The gnoll hits you with a +0 spear.
There is a stone staircase leading up here.
The gnoll hits you with a +0 spear. The gnoll closely misses you.
The gnoll closely misses you.
A gnoll is nearby!
Casting: Beastly Appendage (safe; 6% risk of failure)
Confirm with . or Enter, or press ? or * to list all spells.
One of your tentacles grows a vicious spike.
The gnoll hits you from afar with a +0 spear!
The gnoll hits you with a +0 spear!
* * * LOW HITPOINT WARNING * * *
You tentacle-slap the gnoll but do no damage.
Your grab misses the gnoll.
You pierce the gnoll.
The gnoll is moderately wounded.
The gnoll hits you but does no damage.
You closely miss the gnoll. Your grab misses the gnoll.
Your tentacle spike misses the gnoll.
The gnoll is moderately wounded.
The gnoll hits you with a +0 spear!
You die...

#....'..g.<# #..... ##
#....#...g#######..._ ..
#....#.#### #........ #. ####
#.######.####.#. #. ###.....##.#
#.#. #.#####..........####.##
#...........#...........
###########..........##.......#..
.......)....<..g@..(..+.......#..
###########.........###.......#
#............# ##+######
#....######### #....+ #....#
......# ........# #........#


You could see a gnoll.

Vanquished Creatures
  Natasha (thrice) (D:2)
  A gnoll (D:1)
  2 adders (D:2)
  3 dart slugs
  An orc (D:3)
  5 bats
  6 endoplasms
  A giant cockroach (D:1)
  5 hobgoblins
  5 kobolds
  4 quokkas (D:1)
  5 ball pythons
  A frilled lizard (D:1)
  3 goblins (D:1)
  6 rats
51 creatures vanquished.

Notes
Turn   | Place    | Note
-------+----------+-------------------------------------------
     0 | D:1      | H0rd4k the Octopode Transmuter began the quest for the Orb.
     0 | D:1      | Reached XP level 1. HP: 13/13 MP: 3/3
   509 | D:1      | Reached XP level 2. HP: 10/18 MP: 5/5
   675 | D:1      | Found Kutroluwe's Antique Weapon Shoppe.
   793 | D:1      | Reached XP level 3. HP: 23/23 MP: 6/6
  1839 | D:1      | Found a faded altar of an unknown god.
  1990 | D:2      | Reached skill level 4 in Unarmed Combat
  1990 | D:2      | Reached XP level 4. HP: 25/28 MP: 7/7
  2082 | D:2      | Found Nusi's Assorted Antiques.
  2122 | D:2      | Learned a level 3 spell: Spider Form
  2201 | D:2      | Noticed Natasha
  2208 | D:2      | Killed Natasha
  2601 | D:2      | Noticed Natasha
  2629 | D:2      | Killed Natasha
  2630 | D:2      | Reached XP level 5. HP: 14/33 MP: 6/8
  2787 | D:2      | Noticed Natasha
  2952 | D:2      | Killed Natasha
  3089 | D:2      | Identified the -1 helmet of Geunios {rF+ rC+ Str+5}
  3745 | D:3      | Found a sacrificial altar of Ru.
  3747 | D:3      | Found a shimmering blue altar of Sif Muna.
  3759 | D:3      | Found a radiant altar of Vehumet.
  3863 | D:3      | Slain by a gnoll

Illustrated notes

Levels and vault maps discovered:
D:1:      psy_arrival_conway, layout_loops_corners,
          shapermc_ecumenical_altar_acropolis, serial_shops, shop,
          nicolae_kite_square_tiling_tiny
D:2:      layout_loops_ring, serial_shops, nicolae_shop_overgrown_old_shop,
          uniq_natasha
D:3:      layout_basic, grunt_temple_overflow_open, cheibrodos_gnoll_hut

Skill      XL: |  1  2  3 |
---------------+----------+-----
Unarmed Combat | 4 |  4.7
Fighting       | |  1.1
Dodging        | |  2.8
Spellcasting   | |  2.7
Transmutations | |  2.6

Action                   |  1- 3 |  4- 6 || total
-------------------------+-------+-------++-------
Melee: Unarmed           |    83 |    54 ||   137
       Constrict         |    19 |    16 ||    35
       Tentacles         |    17 |    12 ||    29
       Punch             |     1 |     3 ||     4
       Kick              |       |     7 ||     7
 Cast: Beastly Appendage |       |     6 ||     6
Evoke: Wand              |       |     1 ||     1
 Stab: Sleeping          |     7 |     3 ||    10
       Distracted        |     1 |       ||     1
Armor: Skin              |     4 |     6 ||    10
Dodge: Dodged            |    61 |    44 ||   105
